 Dungeon Crawl Stone Soup version 0.28.0-53-g5a82cb258f (webtiles) character file.

Game seed: 7725534774172656685

65 DemonSlayer the Firebug (level 3, -2/24 HPs)
             Began as a Demonspawn Fire Elementalist on Aug 5, 2022.
             Was an Initiate of Cheibriados.
             Slain by a gnoll
             ... wielding a +0 whip
              (6 damage)
             ... on level 4 of the Dungeon.
             The game lasted 00:10:03 (4582 turns).

DemonSlayer the Firebug (DsFE)                      Turns: 4582, Time: 00:10:03

Health: -2/24      AC:  6    Str:  9    XL:     3   Next: 92%
Magic:  0/6        EV: 12    Int: 19    God:    Cheibriados [......]
Gold:   143        SH:  0    Dex: 14    Spells: 0/6 levels left

rFire   . . .      SeeInvis .   b - +0 war axe
rCold   . . .      Faith    .   (no shield)
rNeg    . . .      Spirit   +   a - +2 robe
rPois   .          Reflect  .   p - +2 hat
rElec   .          Harm     .   (no cloak)
rCorr   .          Rampage  .   (no gloves)
Will    .....                   (no boots)
Stlth   ++........              k - amulet of guardian spirit
HPRegen 0.08/turn               (no ring)
MPRegen 0.10/turn               (no ring)

@: very slow
A: demonic guardian 2
a: Renounce Religion


You were on level 4 of the Dungeon.
You worshipped Cheibriados.
Cheibriados was noncommittal.
You visited 1 branch of the dungeon, and saw 4 of its levels.

You collected 143 gold pieces.

Inventory:

Hand Weapons
 b - a +0 war axe (weapon)
Armour
 a - a +2 robe (worn)
 p - a +2 hat (worn)
Jewellery
 k - an amulet of guardian spirit (around neck)
Potions
 d - a potion of curing


   Skills:
 + Level 0.1 Fighting
 + Level 0.8 Axes
 + Level 1.9 Dodging
 + Level 2.0 Stealth
 + Level 2.4 Spellcasting
 + Level 1.7 Conjurations
 + Level 3.4 Fire Magic


You couldn't memorise any spells.
You knew the following spells:

 Your Spells              Type           Power      Damage    Failure   Level
a - Foxfire               Conj/Fire      48%        2x1d6     5%          1
b - Scorch                Fire           30%        2d6       6%          2
c - Conjure Flame         Conj/Fire      12%        6-21      17%         3

Your spell library contained the following spells:

 Spells                   Type           Power      Damage    Failure   Level
 Static Discharge         Conj/Air       5%         N/A       17%         2
 Inner Flame              Hex/Fire       8%         N/A       24%         3
 Flame Wave               Conj/Fire      12%        2d6       50%         4
 Sticky Flame             Conj/Fire      12%        2d4       50%         4
 Dispel Undead            Necr           2%         3d7       85%         4


Dungeon Overview and Level Annotations

Branches:
Dungeon (4/15)
 Temple: D:4-7

Altars:
Cheibriados
Sif Muna

Shops:
D:2 ?

Annotations:
D:3 Grinder


Innate Abilities, Weirdness & Mutations

A demonic guardian rushes to your aid.


Message History

There is an open door here.
There is an open door here.
Sorry, I don't know how to traverse that place.
Sorry, I don't know how to traverse that place.
Sorry, I don't know how to traverse that place.
There is a stone staircase leading down here.
There is an escape hatch in the floor here.
You slide downwards.
The hatch slams shut behind you.
The gnoll shouts!
You hear a shout!
Flames lash the adder skeleton.
The adder skeleton is heavily damaged.
The adder skeleton's fire resistance burns away.
The gnoll closely misses you.
A hobgoblin comes into view.
Flames lash the gnoll.
The gnoll is severely wounded.
The gnoll's fire resistance burns away.
The gnoll hits you with a +0 whip. The gnoll misses you.
Flames lash the gnoll.
The gnoll is heavily wounded.
The gnoll's fire resistance burns away.
The gnoll closely misses you. The gnoll hits you with a +0 whip.
The gnoll hits you with a +0 club.
You are too depleted to draw on your mana recklessly!
You are too depleted to draw on your mana recklessly!
You are too depleted to draw on your mana recklessly!
You are too depleted to draw on your mana recklessly!
You are too depleted to draw on your mana recklessly!
You closely miss the gnoll.
The gnoll is severely wounded.
You hit the gnoll. You hit the gnoll but do no damage.
The gnoll barely misses you. The gnoll closely misses you.
The gnoll hits you with a +0 club.
A demonic guardian appears!
The gnoll hits you with a +0 whip.
* * * LOW HITPOINT WARNING * * *
The gnoll closely misses you.
As you read the scroll of fog, it crumbles to dust.
The scroll dissolves into smoke.
The gnoll hits you with a +0 club.
* * * LOW HITPOINT WARNING * * *
The gnoll barely misses you. The gnoll hits you with a +0 whip.
You die...

.... #...
#..# #..#
#..#
#..###
#g4..#
##g...###
#@gZ....#
#§g§.<..#
#§......#
##..<.###
#..?.#
#..#..#
#.#......
##.......#
##...##.#


You could see 3 gnolls, a hobgoblin, an adder skeleton (combustible) and a
friendly orange demon (summoned).

Vanquished Creatures
  A gnoll (D:3)
  An adder (D:4)
  A dart slug (D:2)
  8 ball pythons
  4 endoplasms (D:2)
  5 giant cockroaches
  3 goblins
  2 hobgoblins
  6 kobolds
  2 quokkas (D:3)
  3 frilled lizards (D:2)
36 creatures vanquished.

Vanquished Creatures (collateral kills)
  A worm (D:2)
1 creature vanquished.

Vanquished Creatures (others)
  114 foxfires
114 creatures vanquished.

Grand Total: 151 creatures vanquished

Notes
Turn   | Place    | Note
-------+----------+-------------------------------------------
     0 | D:1      | DemonSlayer the Demonspawn Fire Elementalist began the
                  | quest for the Orb.
     0 | D:1      | Reached XP level 1. HP: 13/13 MP: 3/3
   338 | D:1      | Reached skill level 3 in Fire Magic
   602 | D:1      | Gained mutation: A weak demonic guardian rushes to your
                  | aid. [demonic ancestry]
   602 | D:1      | Reached XP level 2. HP: 17/19 MP: 0/5
   609 | D:1      | Learned a level 2 spell: Scorch
  1122 | D:2      | Found Hoegg's Magic Scroll Shoppe.
  1924 | D:2      | Found a faded altar of an unknown god.
  2070 | D:2      | Gained mutation: A demonic guardian rushes to your aid.
                  | [demonic ancestry]
  2070 | D:2      | Reached XP level 3. HP: 8/24 MP: 1/6
  2421 | D:2      | Learned a level 3 spell: Conjure Flame
  2453 | D:3      | Noticed Grinder
  2793 | D:3      | Found a shimmering blue altar of Sif Muna.
  2883 | D:3      | Paralysed by Grinder for 4 turns
  3797 | D:3      | Found a snail-covered altar of Cheibriados.
  3943 | D:3      | Became a worshipper of Cheibriados the Contemplative
  4582 | D:4      | Slain by a gnoll

Illustrated notes

Levels and vault maps discovered:
D:1:      lightli_arrival_flooded_house, layout_basic
D:2:      layout_basic, serial_shops, shop,
          hellmonk_ecumenical_altar_leap_of_faith, minmay_octomino_j4
D:3:      layout_basic, mainiacjoe_overflow_six_doors_small,
          nicolae_sif_muna_condensation, minmay_stone_trees_large, uniq_grinder
D:4:      layout_loops_ring, nemelex_xobeh_ov_fountains_minmay,
          guppyfry_shop_venom

Skill      XL: |  1  2 |
---------------+-------+-----
Fire Magic     | 3 |  3.4
Stealth        | 2 |  2.0
Fighting       | |  0.1
Axes           | |  0.8
Dodging        | |  1.9
Spellcasting   | |  2.4
Conjurations   | |  1.7

Action                   || total
-------------------------++-------
Melee: War axe           ||    50
       Punch             ||     1
 Cast: Foxfire           ||    74
       Scorch            ||    16
  Use: Scroll            ||     8
       Potion            ||     5
 Stab: Sleeping          ||     1
Armor: Robe              ||    15
       Skin              ||     3
Dodge: Dodged            ||    59
